 Dungeon Crawl Stone Soup version 0.23.1 (webtiles) character file.

Game seed: 5938517607119480413

379 dengdeng the Chopper (level 6, -4/56 HPs)
             Began as a Minotaur Berserker on Mar 4, 2019.
             Was a Priest of Trog.
             Slain by an iguana (7 damage)
             ... on level 4 of the Dungeon.
             The game lasted 00:08:14 (2818 turns).

dengdeng the Chopper (Minotaur Berserker)           Turns: 2818, Time: 00:08:15

Health: -4/56      AC:  9    Str: 23    XL:     6   Next: 45%
Magic:  5/5        EV:  9    Int:  4    God:    Trog [***...]
Gold:   123        SH:  0    Dex: 10    Spells: 5/5 levels left

rFire    . . .     SeeInvis .   a - +0 hand axe
rCold    . . .     Gourm    +   (no shield)
rNeg     . . .     Faith    .   x - +0 chain mail
rPois    .         Spirit   .   (helmet restricted)
rElec    .         Reflect  .   (no cloak)
rCorr    .         Harm     .   (no gloves)
MR       .....                  (no boots)
Stlth    ..........             k - amulet of the gourmand
HPRegen  0.18/turn              (no ring)
MPRegen  0.09/turn              (no ring)

@: no status effects
A: retaliatory headbutt, horns 2
a: Berserk, Trog's Hand, Renounce Religion


You were on level 4 of the Dungeon.
You worshipped Trog.
Trog was most pleased with you.
You were completely stuffed.

You visited 1 branch of the dungeon, and saw 4 of its levels.

You collected 123 gold pieces.

Inventory:

Hand Weapons
 a - a +0 hand axe (weapon)
Missiles
 f - 134 stones (quivered)
Armour
 x - a +0 chain mail (worn)
Jewellery
 k - an amulet of the gourmand (around neck)
 o - an uncursed amulet of the acrobat {unknown}
 v - an uncursed ring of resist corrosion {unknown}
Wands
 j - a wand of enslavement (12)
Scrolls
 b - a scroll of remove curse {unknown}
 e - a scroll of amnesia {unknown}
 g - 5 scrolls of identify {unknown}
 h - 2 scrolls of fog {unknown}
 i - a scroll of fear {unknown}
 m - 3 scrolls of magic mapping {unknown}
 n - a scroll of enchant weapon {unknown}
 q - a scroll of teleportation {unknown}
 u - a scroll of noise {unknown}
Potions
 d - 3 potions of heal wounds {unknown}
 l - a potion of haste {unknown}
 p - a potion of invisibility {unknown}
 r - 4 potions of brilliance {unknown}
 t - a potion of agility {unknown}
Comestibles
 c - 3 rations


   Skills:
 * Level 5.4 Fighting
 + Level 5.5 Axes
 + Level 0.4 Throwing
 * Level 5.4 Armour
 + Level 2.7 Dodging
 + Level 0.5 Stealth


You had 5 spell levels left.
You didn't know any spells.
Your spell library was empty.

Dungeon Overview and Level Annotations

Branches:
Dungeon (4/15)
 Temple: D:4-7

Altars:
Trog
The Shining One


Innate Abilities, Weirdness & Mutations

You reflexively headbutt those who attack you in melee.
You have a pair of horns on your head.


Message History

You hit the iguana.
You headbutt the iguana, but do no damage.
The iguana is lightly wounded.
You hear the slow rusting of a distant drain.
The iguana bites you but does no damage.
You hit the iguana.
The iguana is heavily wounded.
A worm comes into view.
The iguana bites you but does no damage.
You hit the iguana.
The iguana is heavily wounded.
The iguana bites you!
* * * LOW HITPOINT WARNING * * *
You closely miss the iguana.
The iguana is heavily wounded.
The iguana barely misses you.
You hit the iguana but do no damage. Your headbutt misses the iguana.
The iguana is heavily wounded.
The iguana bites you!
You die...

#.....#≈).♣#≈≈≈≈♣..# #.
#.....#≈≈)≈≈...♣...### #.
##.....#.≈#♣.≈.≈≈.....# ##
#>......♣..≈≈≈..o≈....# #
#.........#).#≈≈.........#
.....#######)#####.........
##.#. #(### #.......###
#.#. ##l..# #.......# #
#.@..# #.......# #.#..#
#........ ... ...# #.##
.#.# ... .#... ..# ##.#.w
... ... .. #^


You could see a worm and an iguana.

Vanquished Creatures
  A phantom (D:4)
  A howler monkey (D:4)
  A jelly (D:3)
  An orc priest (D:4)
  2 orc wizards (D:4)
  A hound skeleton (D:4)
  4 adders
  An ooze (D:3)
  2 dart slugs (D:3)
  A leopard gecko (D:4)
  6 orcs
  4 giant cockroaches
  10 goblins
  10 hobgoblins
  6 jackals
  3 kobolds
  A quokka (D:2)
  7 bats
  2 frilled lizards (D:1)
  4 rats
  A bush (D:1)
69 creatures vanquished.

Notes
Turn   | Place    | Note
-------+----------+-------------------------------------------
     0 | D:1      | dengdeng the Minotaur Berserker began the quest for the
                  | Orb.
     0 | D:1      | Reached XP level 1. HP: 19/19 MP: 0/0
   306 | D:1      | Reached XP level 2. HP: 27/27 MP: 1/1
   876 | D:1      | Reached XP level 3. HP: 34/34 MP: 2/2
   903 | D:1      | Reached ** piety under Trog
  1434 | D:2      | Found a glowing golden altar of the Shining One.
  1548 | D:2      | Found a bloodstained altar of Trog.
  2285 | D:3      | Reached XP level 4. HP: 41/41 MP: 3/3
  2697 | D:4      | Noticed a phantom
  2716 | D:4      | Reached XP level 5. HP: 33/47 MP: 4/4
  2722 | D:4      | Reached skill level 5 in Fighting
  2729 | D:4      | Killed a phantom
  2729 | D:4      | Reached skill level 5 in Axes
  2729 | D:4      | Reached XP level 6. HP: 34/56 MP: 5/5
  2779 | D:4      | Reached *** piety under Trog
  2794 | D:4      | Reached skill level 5 in Armour
  2807 | D:4      | Received a gift from Trog
  2816 | D:4      | HP: 2/56 [iguana (7)]
  2818 | D:4      | Slain by an iguana

Skill      XL: |  1  2  3  4  5  6 |
---------------+-------------------+-----
Fighting       | 4 5 |  5.4
Armour         | 3 4 5 |  5.4
Axes           | 4 5 |  5.5
Throwing       | |  0.4
Dodging        | |  2.7
Stealth        | |  0.5

Action                   |  1- 3 |  4- 6 || total
-------------------------+-------+-------++-------
Melee: Hand axe          |   164 |    88 ||   252
       Headbutt          |    29 |    20 ||    49
Throw: Stone             |    23 |       ||    23
  Eat: Chunk             |    16 |     2 ||    18
Armor: Ring mail         |    31 |       ||    31
       Animal skin       |     3 |       ||     3
       Scale mail        |    11 |    14 ||    25
       Chain mail        |       |    31 ||    31
Dodge: Dodged            |    60 |    50 ||   110
